 Dungeon Crawl Stone Soup version 0.26.0-10-g1f06aea511 (webtiles) character file.

Game seed: 11488814599124077640

32 Borgoz the Ducker (level 3, 0/30 HPs)
             Began as a Ghoul Gladiator on Jan 15, 2021.
             Slain by Sigmund
             ... wielding a +0 scythe
              (1 damage)
             ... on level 2 of the Dungeon.
             The game lasted 00:00:47 (1081 turns).

Borgoz the Ducker (Ghoul Gladiator)                 Turns: 1081, Time: 00:00:48

Health: 0/30       AC:  4    Str: 17    XL:     3   Next: 25%
Magic:  2/2        EV: 12    Int:  3    God:
Gold:   58         SH:  0    Dex: 11    Spells: 2/2 levels left

rFire    . . .     SeeInvis .   a - +0 long sword
rCold    + . .     Faith    .   (no shield)
rNeg     + + +     Spirit   .   b - +0 leather armour
rPois    ∞         Reflect  .   c - +0 helmet
rElec    .         Harm     .   (no cloak)
rCorr    .         Rampage  .   (no gloves)
Will     .....                  (no boots)
Stlth    +.........             (no amulet)
HPRegen  0.00/turn              (no ring)
MPRegen  0.08/turn              (no ring)

@: no status effects
A: claws 1, cold resistance 1, negative energy resistance 3, inhibited
regeneration, torment resistance, unbreathing
a: no special abilities


You were on level 2 of the Dungeon.
You visited 1 branch of the dungeon, and saw 2 of its levels.

You collected 58 gold pieces.

Inventory:

Hand Weapons
 a - a +0 long sword (weapon)
Missiles
 d - 3 throwing nets (quivered)
Armour
 b - a +0 leather armour (worn)
 c - a +0 helmet (worn)
Scrolls
 e - a scroll of identify {unknown}
 f - 2 scrolls of teleportation {unknown}
 g - a scroll of enchant weapon {unknown}
 i - a scroll of blinking {unknown}
Potions
 h - a potion of curing {unknown}


   Skills:
 + Level 2.5 Fighting
 + Level 2.9 Long Blades
 - Level 1.7 Throwing
 * Level 1.2 Armour
 * Level 3.1 Dodging


You had 2 spell levels left.
You didn't know any spells.
Your spell library was empty.

Dungeon Overview and Level Annotations

Branches:
Dungeon (2/15)

Altars:

Annotations:
D:2 Sigmund


Innate Abilities, Weirdness & Mutations

You thrive by killing the living.
You are immune to poison.
You have sharp fingernails.
Your flesh is cold resistant. (rC+)
You are immune to negative energy. (rN+++)
You do not regenerate when monsters are visible.
You are immune to unholy pain and torment.
You can survive without breathing.


Message History

You are confused.
The ball python closely misses you. x2
You are too confused!
The ball python barely misses you. x2
You miss the ball python. The ball python closely misses you.
The ball python barely misses you. Something hits you.
You slash the ball python!
You kill the ball python!
You feel better. Something hits you.
You feel less confused. Something hits you. Something hits you.
You see here 18 gold pieces.
You barely miss something. Something hits you!
You closely miss something. Something hits you!
* * * LOW HITPOINT WARNING * * *
It was a potion of berserk rage.
You cannot raise a blood rage in your lifeless body.
Something hits you.
You die...

#. ... ###
######.# ...
........ #.#
#....##
#.###.....#
#.###.#..$....#
#....$...@....#
#.#####.###{#...#
#. #.# #†#
#.#...... #.# #.#
#.# ... .#### #.#
#># #.# #.##.#
#.# #.# #.# #.. .
#.# #.# #.#.###
## #.# #.# #.#.#
#.####.#####.#.#


There were no monsters in sight!

Vanquished Creatures
  An adder (D:2)
  A dart slug (D:1)
  2 leopard geckos (D:1)
  2 ball pythons
  A giant cockroach (D:2)
  2 goblins (D:1)
  2 bats (D:1)
  A frilled lizard (D:1)
  5 kobolds (D:1)
  2 rats (D:1)
19 creatures vanquished.

Notes
Turn   | Place    | Note
-------+----------+-------------------------------------------
     0 | D:1      | Borgoz the Ghoul Gladiator began the quest for the Orb.
     0 | D:1      | Reached XP level 1. HP: 17/17 MP: 0/0
   338 | D:1      | Reached XP level 2. HP: 25/25 MP: 1/1
   702 | D:1      | Reached skill level 3 in Dodging
   706 | D:1      | Reached skill level 1 in Armour
   953 | D:2      | Reached XP level 3. HP: 18/30 MP: 2/2
  1069 | D:2      | Noticed Sigmund
  1080 | D:2      | HP: 1/30 [something (11)]
  1081 | D:2      | Slain by Sigmund

Illustrated notes

Levels and vault maps discovered:
D:1:      psy_arrival_whirlpool, layout_basic, kennysheep_another_room,
          serial_bayou_pond_e, minmay_tree_intersection
D:2:      layout_basic, uniq_sigmund

Skill      XL: |  1  2 |
---------------+-------+-----
Dodging        | 3 |  3.1
Armour         | 1 |  1.2
Fighting       | |  2.5
Long Blades    | |  2.9
Throwing       | |  1.7

Action                   || total
-------------------------++-------
Melee: Long sword        ||    47
  Use: Potion            ||     1
Armor: Leather armour    ||    11
Dodge: Dodged            ||    44
       Rpst.: Long sword ||    10
